 Dungeon Crawl Stone Soup version 0.18.1-48-g4cf74bf (webtiles) character file.

535404 Wotyn the Shatterer (level 25, 0/254 HPs)
             Began as a Naga Fighter on July 10, 2016.
             Was a High Priest of Okawaru.
             Slain by a green draconian
             ... wielding a +0 halberd
              (9 damage)
             ... on level 1 of the Realm of Zot on July 29, 2016.
             The game lasted 08:47:25 (62632 turns).

Wotyn the Shatterer (Naga Fighter)                 Turns: 62632, Time: 08:47:26

Health: 0/254      AC: 27    Str: 35    XL:     25   Next: 79%
Magic:  39/49      EV: 14    Int: 15    God:    Okawaru [*****.]
Gold:   5744       SH:  4    Dex: 16    Spells: 4 memorised, 34 levels left

rFire  x . .     SeeInvis +     P - +10 great mace "Nexiuj" {elec, rF- rC- MR++ Str+3}
rCold  + . .     Gourm    .     (no armour)
rNeg   + . .     Faith    .     (shield currently unavailable)
rPois  +         Spirit   .     L - +2 hat
rElec  +         Dismiss  .     R - +1 cloak {MR+}
rCorr  .         Reflect  +     B - +0 pair of gloves
SustAt .         Harm     .     Y - +4 naga barding {rC+}
MR     +++++                    m - amulet "Voat Ynkeg" {Reflect rC+ MP+9 Int+4 SH+4}
Stlth  +++.......               w - +4 ring of strength
                                v - ring of positive energy

@: mighty, finesse, very slow, almost entirely resistant to hostile
enchantments, fairly stealthy
A: thin metallic scales 1, see invisible, deformed body, poison resistance,
screaming 1, electricity resistance, slowness 2, slow metabolism 1, spit poison
2, constrict 1, AC +8
a: Spit Poison, Heroism, Finesse, Renounce Religion
}: 3/15 runes: decaying, silver, gossamer


You were on level 1 of the Realm of Zot.
You worshipped Okawaru.
Okawaru was extremely pleased with you.
You were full.

You visited 8 branches of the dungeon, and saw 44 of its levels.
You visited 1 bazaar.
You also visited: Ossuary.

You collected 5914 gold pieces.
You spent 170 gold pieces at shops.

Inventory:

Hand Weapons
 d - a +0 great mace of freezing
 e - the +1 dagger "Gicwav" {venom, rPois Str+4 Dex+4}
   (You found it on level 1 of the Realm of Zot)

   It poisons the flesh of those it strikes.
   It affects your strength (+4).
   It affects your dexterity (+4).
   It protects you from poison.
 h - the +7 quick blade of Truth {freeze, rElec rC+ Int+3}
   (Okawaru gifted it to you on level 4 of the Depths)

   It has been specially enchanted to freeze those struck by it, causing extra
   injury to most foes and up to half again as much damage against particularly
   susceptible opponents.
   It can also slow down cold-blooded creatures.
   It affects your intelligence (+3).
   It protects you from cold.
   It insulates you from electricity.
 J - the +6 longbow of Zyadeog {venom, rElec rF+ MR+ Str+2}
   (You took it off a vault warden on level 5 of the Vaults)

   It poisons the ammo it fires.
   It affects your strength (+2).
   It protects you from fire.
   It insulates you from electricity.
   It affects your resistance to hostile enchantments.
 M - a +2 great mace of venom
 N - a +1 eveningstar of holy wrath
 P - the +10 great mace "Nexiuj" (weapon) {elec, rF- rC- MR++ Str+3}
   (Okawaru gifted it to you on level 1 of the Spider Nest)

   Occasionally, upon striking a foe, it will discharge some electrical energy
   and cause terrible harm.
   It affects your strength (+3).
   It makes you vulnerable to fire.
   It makes you vulnerable to cold.
   It affects your resistance to hostile enchantments.
 S - the +10 battleaxe of Cowardice {antimagic, Int+7}
   (You found it on level 2 of the Depths)

   It disrupts the flow of magical energy around spellcasters and certain
   magical creatures (including the wielder).
   It affects your intelligence (+7).
Armour
 r - a +2 naga barding of flying
 x - the +5 plate armour of Inviolability {rN+}
   (Okawaru gifted it to you on level 1 of the Lair of Beasts)

   It protects you from negative energy.
 y - a +0 fire dragon armour {Xtahua}
 B - a +0 pair of gloves (worn)
 F - the +2 steam dragon armour "Wonigimm" {rC+++ Str-5 Dex-3 Slay+3}
   (You took it off an ogre mage on level 5 of the Vaults)

   It affects your strength (-5).
   It affects your dexterity (-3).
   It affects your accuracy and damage with ranged weapons and melee attacks
   (+3).
   It renders you almost immune to cold.
 G - a +1 naga barding of fire resistance
 L - a +2 hat (worn)
 Q - a +0 crystal plate armour
 R - a +1 cloak of magic resistance (worn)
 Y - a +4 naga barding of cold resistance (worn)
Jewellery
 l - a +3 ring of evasion
 m - the amulet "Voat Ynkeg" (around neck) {Reflect rC+ MP+9 Int+4 SH+4}
   (You took it off a vault guard on level 5 of the Vaults)

   [amulet of reflection]

   It shields you and reflects attacks.
   It affects your intelligence (+4).
   It protects you from cold.
   It affects your magic capacity (+9).
   It affects your SH (+4).
 p - a cursed ring of teleportation
 v - a ring of positive energy (left hand)
 w - a +4 ring of strength (right hand)
 E - an uncursed amulet of regeneration
 T - a +2 ring of dexterity
Wands
 a - a wand of lightning (7/15)
 b - a wand of flame (26/48)
 o - a wand of lightning (5/15)
 C - a wand of digging (20/24)
 K - a wand of acid (9/15)
 O - a wand of digging (15/24)
 V - a wand of iceblast (0/15)
Scrolls
 c - 3 scrolls of fear
 i - 3 scrolls of magic mapping
 k - 26 scrolls of remove curse
 A - a scroll of identify
 H - 6 scrolls of fog
 U - a scroll of holy word
 W - a scroll of recharging
 Z - 4 scrolls of teleportation
Potions
 j - 6 potions of agility
 q - 15 potions of curing
 s - 7 potions of brilliance
 t - 2 potions of invisibility
 u - 4 potions of resistance
 z - a potion of cure mutation
 D - 2 potions of might
 I - 7 potions of flight
Books
 n - an Akashic Record

   Spells                             Type                      Level
   a - Dispersal                      Translocation                6
   b - Malign Gateway                 Summoning/Translocation      7
   c - Disjunction                    Translocation                8
   d - Controlled Blink               Translocation                8
Comestibles
 f - 12 bread rations
 g - 24 meat rations
 X - a fruit


   Skills:
 * Level 20.4 Fighting
 + Level 3.1(15.0) Axes
 - Level 21.6(21.7) Maces & Flails
 + Level 14.0 Armour
 * Level 9.8 Dodging
 - Level 4.9 Stealth
   Level 2.4 Shields
 + Level 3.1 Unarmed Combat
 * Level 13.4 Spellcasting
 * Level 14.6 Charms
 * Level 13.6 Air Magic
   Level 4.2 Poison Magic
 + Level 9.4 Invocations
 + Level 4.6 Evocations


You had 34 spell levels left.
You knew the following spells:

 Your Spells              Type           Power        Failure   Level  Hunger
a - Haste                 Chrm           ######..     3%          6    ######.
b - Deflect Missiles      Chrm/Air       ######....   4%          6    ######.
c - Swiftness             Chrm/Air       ######..     1%          2    None
d - Repel Missiles        Chrm/Air       ######       1%          2    None


Dungeon Overview and Level Annotations

Branches:
Dungeon (15/15)            Temple (0/1) D:7            Lair (8/8) D:11
  Swamp (4/4) Lair:4       Spider (4/4) Lair:4          Orc (2/2) D:9
    Elf (0/3) Orc:2        Vaults (5/5) D:13          Crypt (0/3) Vaults:3
 Depths (5/5) D:15            Zot (1/5) Depths:5
  Slime: Lair:6-8

Altars:
Gozag
Makhleb
Okawaru
Pakellas
Trog
Xom
Zin
The Shining One

Shops:
D:8 !   D:9 :   Orc:2 (*:   Vaults:2 ?   Vaults:5 =   Depths:4 %

Portals:
Hell: Depths:1 Depths:3 Depths:4 Depths:5
Abyss: Depths:1 Depths:4 Depths:5
Pandemonium: Depths:1 Depths:3 Depths:4
Ziggurat: Depths:4
Trove: Depths:1 (give potion of experience)

Annotations:
D:12 amentoraz's ghost, journeyman MiBe
Lair:5 exclusion: oklob plant
Lair:7 exclusion: 2 oklob plants
Depths:2 exclusions: 2 obsidian statues and orange crystal statue


Innate Abilities, Weirdness & Mutations

You cannot wear boots.
Your serpentine skin is tough (AC +8).
You have supernaturally acute eyesight.
Armour fits poorly on your strangely shaped body.
Your system is resistant to poisons.
You cover ground very slowly.
You have a slow metabolism.
You can spit poison.
You can use your snake-like lower body to constrict enemies.
You are partially covered in thin metallic scales (AC +2).
You occasionally shout uncontrollably at your foes.
You are resistant to electric shocks.


Message History

You constrict the red draconian.
The purple draconian knight closely misses you.
You hit the red draconian.
The red draconian is severely wounded.
You constrict the red draconian.
The white draconian monk breathes frost at you.
The chilling blast hits you! You resist.
* * * LOW HITPOINT WARNING * * *
The red draconian breathes flames at you.
The searing blast hits you! The fire burns you terribly!
* * * LOW HITPOINT WARNING * * *
You bludgeon the red draconian!!
There is a sudden explosion of sparks!
You kill the red draconian!
Okawaru accepts your kill.
You are engulfed in roaring flames.
* * * LOW HITPOINT WARNING * * *
The purple draconian knight hits you from afar with a glaive!
* * * LOW HITPOINT WARNING * * *
The green draconian hits you from afar with a halberd!
You die...

#### #... #....# ####....#
# #..####...#####......## #
#....##...##.........# #
#....#...###.........#
######....#...###...#.....#
..........................#
..........................#
...............(.)).......#
................@qq.......#
##################dd.######
#...# §....# .§..##...


ddd... .... d..... ....# q##### ##..# ..# You could see a white draconian monk,
a purple draconian knight and 2 draconians.

Vanquished Creatures
  A juggernaut (Depths:4)
  Mara (Depths:3)
  An ancient lich (Vaults:5)
  Norris (Depths:2)
  2 curse toes (Zot:1)
  2 golden dragons
  Xtahua (Depths:3)
  Arachne (Spider:3)
  An electric golem (Zot:1)
  8 tentacled monstrosities
  Jorgrun (Swamp:2)
  Rupert (Lair:7)
  4 quicksilver dragons
  3 titans (Vaults:5)
  5 death cobs
  Agnes (Vaults:4)
  2 thorn hunters
  4 sphinxes (Vaults:5)
  8 shadow dragons
  4 tengu reavers
  The ghost of tyranidshit the Necromancer, an adept DDNe of Makhleb (Swamp:2)
  The ghost of nikopol the Impaler, an adept MiBe of Trog (Spider:1)
  Kirke (Lair:7)
  A revenant (Vaults:3)
  10 storm dragons
  A draconian monk (Zot:1)
  An azure jelly (shapeshifter) (Depths:2)
  Wiglaf (Spider:2)
  12 fire giants
  3 draconian scorchers
  A draconian knight (Vaults:4)
  8 frost giants
  19 vault wardens
  Louise (Swamp:2)
  Donald (Swamp:2)
  2 deep elf sorcerers
  3 ghost moths
  An orc warlord (Orc:2)
  3 draconian zealots
  Aizul (Depths:3)
  The ghost of Aquadorian the Executioner, a journeyman MiFi of Okawaru (Lair:8)
  17 ironheart preservers
  A cacodemon (Depths:4)
  2 draconian annihilators (Depths:5)
  2 deep elf elementalists
  8 emperor scorpions
  7 very ugly things
  11 war gargoyles
  The ghost of tyranidshit the Fighter, a journeyman DDNe of Makhleb (Orc:2)
  A draconian caller (Depths:5)
  17 stone giants
  An apis (shapeshifter) (Depths:2)
  3 vampire knights
  5 salamander stormcallers
  A deep elf demonologist (Vaults:5)
  4 green draconians
  7 purple draconians
  2 white draconians
  3 mottled draconians
  4 yellow draconians
  2 deep elf annihilators (Vaults:5)
  5 red draconians
  A black draconian (Zot:1)
  Snorg (Lair:4)
  A spark wasp (shapeshifter) (Depths:2)
  13 ettins
  A merfolk javelineer (Depths:4)
  4 spark wasps
  9 crystal guardians (Depths:2)
  4 deep elf death magi
  11 fire dragons
  Josephine (Swamp:1)
  33 vault guards
  Erolcha (D:10)
  26 yaktaur captains
  5 great orbs of eyes
  2 rakshasas
  8 entropy weavers
  3 deep elf high priests
  24 hydras
  11 ice dragons
  Fannar (Lair:3)
  2 small abominations (Vaults:5)
  2 spriggan air magi (Depths:5)
  A hydra (shapeshifter) (Depths:2)
  2 monstrous demonspawn
  2 death knights
  13 ogre magi
  7 centaur warriors
  The ghost of daning the Carver, a journeyman HESk of Okawaru (D:9)
  2 alligators (shapeshifter)
  11 alligators
  A death yak (shapeshifter) (Vaults:4)
  6 deep troll earth magi
  8 dancing weapons (Depths:2)
  6 tengu warriors
  2 vampire magi
  A spriggan berserker (Depths:5)
  5 deep troll shamans
  3 orc high priests (Orc:2)
  13 hell knights
  A deep elf knight (Vaults:2)
  Nergalle (Orc:1)
  Sonja (Lair:4)
  A salamander mystic (Depths:1)
  An iron troll (shapeshifter) (Depths:2)
  2 wizards
  A death drake (shapeshifter) (Depths:2)
  13 giant orange brains
  2 skeletal warriors (D:15)
  A shadow wraith (Vaults:4)
  24 deep trolls
  A spriggan druid (Swamp:4)
  3 deep elf archers
  11 swamp dragons
  15 orc knights
  3 unseen horrors
  8 hill giants
  3 phantasmal warriors
  14 ironbrand convokers
  A shambling mangrove (Swamp:3)
  A torturous demonspawn (Depths:4)
  A harpy (Vaults:4)
  5 necromancers
  16 orb spiders
  7 wolf spider zombies (Spider:1)
  32 wolf spiders
  A frost giant zombie (D:15)
  8 griffons
  A manticore (D:14)
  5 orc sorcerers (Orc:2)
  A stone giant zombie (Vaults:5)
  34 ugly things
  7 cyclopes
  2 wolf spiders (shapeshifter)
  A manticore (shapeshifter) (Depths:2)
  A salamander (shapeshifter) (Vaults:1)
  11 hornets
  3 salamanders (Depths:1)
  6 deep elf magi
  2 centaur zombies (D:12)
  8 elephants
  An elephant (shapeshifter) (Depths:2)
  9 moths of wrath
  Maurice (D:10)
  3 rust devils
  A black mamba (Lair:6)
  18 vault sentinels
  An octopode (shapeshifter) (Vaults:1)
  Joseph (D:8)
  A spiny frog (shapeshifter) (D:11)
  3 molten gargoyles (Depths:2)
  3 gargoyles
  A human skeleton (Vaults:5)
  A torpor snail (Lair:6)
  A smoke demon (Depths:1)
  An orange demon (Depths:3)
  18 spiny frogs
  73 yaktaurs
  2 kobold demonologists
  A rime drake (Lair:8)
  6 freezing wraiths
  2 komodo dragons (shapeshifter)
  14 demonic crawlers
  10 redback zombies (Spider:1)
  12 komodo dragons
  2 tormentors
  A hellwing (Depths:3)
  13 trolls
  3 tengu conjurers
  3 red devils
  24 jumping spiders
  12 polar bears
  24 two-headed ogres
  A blink frog (shapeshifter) (Depths:2)
  A jumping spider (shapeshifter) (Vaults:4)
  2 polar bears (shapeshifter)
  2 wind drakes (Depths:2)
  68 slime creatures
  6 bog bodies
  14 giant leeches
  3 raiju (Lair:8)
  5 boulder beetles
  14 tarantella zombies (Spider:1)
  11 blink frogs
  An ice dragon zombie (D:15)
  A redback (shapeshifter) (Vaults:2)
  8 air elementals (Depths:2)
  35 tarantellas
  3 vampires
  2 shadows
  87 redbacks
  5 spriggans
  3 wyverns
  10 water elementals
  6 wraiths
  A hog (Lair:7)
  A hog (shapeshifter) (Depths:2)
  Grum (D:10)
  5 basilisks
  30 yaks
  A human (shapeshifter) (Vaults:1)
  45 vampire mosquitoes
  A chaos spawn (Depths:4)
  4 fire elementals
  3 fire bats (Depths:4)
  2 hungry ghosts (D:10)
  A neqoxec (Depths:3)
  7 hippogriffs
  13 insubstantial wisps
  A tengu zombie (D:15)
  15 wargs
  2 soldier ants
  2 swamp worms (shapeshifter) (Depths:2)
  14 water moccasins
  2 human zombies
  19 swamp worms
  5 hell hounds (Lair:8)
  A porcupine (shapeshifter) (Vaults:5)
  9 porcupines
  A giant eyeball (shapeshifter) (Vaults:5)
  9 swamp drakes
  An eye of draining (shapeshifter) (Depths:4)
  48 orc warriors
  4 sky beasts
  13 black bears (Lair:8)
  2 eyes of draining
  A sky beast (shapeshifter) (Vaults:5)
  An ettin simulacrum (Vaults:2)
  4 phantoms
  7 ice beasts
  16 wasps
  A necrophage (D:9)
  9 boggarts
  A crocodile (shapeshifter) (Depths:1)
  14 wolves
  A boggart (shapeshifter) (Vaults:5)
  61 ogres
  11 crocodiles
  23 centaurs
  The ghost of meme the Magician, an amateur DEAE (D:3)
  3 big kobolds
  29 giant frogs
  9 earth elementals (Depths:2)
  2 wyvern zombies
  6 scorpions
  A wyvern skeleton (D:12)
  A water moccasin skeleton (D:9)
  3 killer bees
  2 howler monkeys
  9 crimson imps
  A giant frog zombie (D:11)
  3 quasits
  20 hounds
  4 jellies
  32 orc priests
  25 orc wizards
  2 giant frog skeletons
  8 iguanas
  4 centaur skeletons
  14 worker ants
  2 killer bee zombies
  28 sheep
  3 mummies (Ossuary)
  12 gnolls
  A howler monkey skeleton (D:9)
  15 adders
  37 river rats
  4 shadow imps
  3 white imps
  3 oozes
  3 adder skeletons
  3 adder zombies
  3 worms
  6 dart slugs
  3 giant geckos
  103 orcs
  3 giant cockroaches
  12 hobgoblins
  16 jackals
  4 quokkas
  12 bats
  5 giant newts
  A gnoll zombie (Ossuary)
  6 goblins
  4 goblin zombies (Ossuary)
  2 hobgoblin zombies (Ossuary)
  2 jackal skeletons
  23 kobolds
  2 kobold zombies (Ossuary)
  3 quokka skeletons
  21 rats
  2 crawling corpses (Vaults:5)
  2 fungi
  A plant (Lair:3)
2233 creatures vanquished.

Vanquished Creatures (collateral kills)
  An alligator (Swamp:1)
1 creature vanquished.

Vanquished Creatures (others)
  A deep elf high priest (Vaults:5)
  A necromancer (Depths:4)
  A freezing wraith (Vaults:5)
  A tarantella (Spider:3)
  3 humans (Lair:7)
  A hound (Lair:8)
  12 ball lightnings (Depths:2)
  3 briar patches (Swamp:4)
  22 fungi
  26 plants
  4 toadstools (Swamp:1)
  2 withered plants (D:15)
77 creatures vanquished.

Grand Total: 2311 creatures vanquished

Notes
Turn   | Place    | Note
--------------------------------------------------------------
     0 | D:1      | Wotyn the Naga Fighter began the quest for the Orb.
     0 | D:1      | Reached XP level 1. HP: 21/21 MP: 1/1
   172 | D:1      | Reached XP level 2. HP: 23/28 MP: 2/2
   327 | D:1      | Reached XP level 3. HP: 21/34 MP: 3/3
   804 | D:2      | Found an iron altar of Okawaru.
   815 | D:2      | Became a worshipper of Warmaster Okawaru
   868 | D:2      | Reached XP level 4. HP: 36/42 MP: 4/4
  1135 | D:2      | Reached skill level 3 in Maces & Flails
  1548 | D:2      | Reached skill level 1 in Dodging
  1704 | D:3      | Found a faded altar to an unknown god.
  1955 | D:3      | Reached XP level 5. HP: 40/49 MP: 5/5
  2237 | D:3      | Noticed meme's ghost (amateur DEAE)
  2245 | D:3      | Killed meme's ghost
  2535 | D:4      | Reached XP level 6. HP: 49/57 MP: 6/6
  2543 | D:3      | Reached skill level 4 in Maces & Flails
  2736 | D:4      | Noticed an ice beast
  2757 | D:4      | Killed an ice beast
  2757 | D:4      | Reached * piety under Okawaru
  2877 | D:4      | Noticed a phantom
  3054 | D:4      | Reached XP level 7. HP: 55/64 MP: 7/7
  3620 | D:4      | Reached skill level 5 in Maces & Flails
  3914 | D:4      | Reached XP level 8. HP: 47/73 MP: 5/8
  4386 | D:4      | Reached ** piety under Okawaru
  4386 | D:4      | Reached skill level 5 in Fighting
  4546 | D:5      | Entered Level 5 of the Dungeon
  4595 | D:5      | Reached skill level 5 in Armour
  5469 | D:6      | Reached skill level 6 in Maces & Flails
  5808 | D:6      | Reached skill level 8 in Maces & Flails
  5808 | D:6      | Reached XP level 9. HP: 85/85 MP: 8/13
  6839 | D:7      | Reached XP level 10. HP: 87/92 MP: 14/14
  7182 | D:7      | Found a staircase to the Ecumenical Temple.
  7548 | D:7      | Found a burning altar of Makhleb.
  7548 | D:7      | Found a shimmering altar of Xom.
  7869 | D:8      | Noticed Joseph
  7895 | D:8      | Killed Joseph
  7895 | D:8      | Reached *** piety under Okawaru
  7895 | D:8      | Reached skill level 9 in Maces & Flails
  8290 | D:8      | Found Olineor's Distillery.
  8300 | D:8      | Bought a potion of mutation for 30 gold pieces
  8300 | D:8      | Gained mutation: Your magical capacity is low (-10% MP). [potion of mutation]
  8300 | D:8      | Gained mutation: You are partially covered in thin metallic scales (AC +2). [potion of mutation]
  8300 | D:8      | Gained mutation: You are weak. (Str -2) [potion of mutation]
  8366 | D:8      | Found a sand-covered staircase.
  8378 | Ossuary  | Entered an ossuary
  8845 | D:9      | Noticed daning's ghost (journeyman HESk)
  8854 | D:9      | Killed daning's ghost
  8854 | D:9      | Reached **** piety under Okawaru
  8989 | D:9      | Found a staircase to the Orcish Mines.
  9463 | D:9      | Reached XP level 11. HP: 100/100 MP: 13/13
  9532 | D:9      | Found Woom's Book Emporium.
  9754 | D:9      | Noticed a hill giant
  9783 | D:9      | Killed a hill giant
  9930 | D:9      | Reached ***** piety under Okawaru
  9930 | D:9      | Reached skill level 10 in Maces & Flails
  9979 | D:9      | Found Bioraal's Assorted Antiques.
 10066 | D:10     | Entered Level 10 of the Dungeon
 10073 | D:10     | Noticed Maurice
 10101 | D:10     | Killed Maurice
 10156 | D:10     | Noticed Erolcha
 10174 | D:10     | Killed Erolcha
 10490 | D:10     | Noticed Grum
 10525 | D:10     | Killed Grum
 11256 | D:11     | Noticed a hill giant
 11257 | D:11     | Noticed a wizard
 11315 | D:10     | Paralysed by fainting for 6 turns
 11417 | D:11     | Noticed an eight-headed hydra
 11729 | D:11     | Noticed a rakshasa
 11833 | D:11     | Noticed a cyclops
 11874 | D:11     | Noticed a harpy
 11894 | D:11     | Found a staircase to the Lair.
 11899 | Lair:1   | Entered Level 1 of the Lair of Beasts
 12135 | Lair:1   | Noticed a seven-headed hydra
 12157 | Lair:1   | Killed a seven-headed hydra
 12345 | Lair:1   | Received a gift from Okawaru
 12345 | Lair:1   | Reached skill level 11 in Maces & Flails
 12354 | Lair:1   | Got a smoking plate armour {god gift}
 12442 | Lair:1   | Reached XP level 12. HP: 73/110 MP: 14/14
 12443 | Lair:1   | Identified the +5 plate armour of Inviolability {rN+} (Okawaru gifted it to you on level 1 of the Lair of Beasts)
 13508 | Lair:2   | Identified a scroll of acquirement
 13803 | Lair:2   | Learned a level 6 spell: Haste
 13887 | Lair:2   | Reached skill level 5 in Dodging
 14281 | Lair:3   | Reached skill level 12 in Maces & Flails
 14593 | Lair:3   | Noticed a five-headed hydra
 14601 | Lair:3   | Killed a five-headed hydra
 15062 | Lair:3   | Noticed Fannar
 15090 | Lair:3   | Killed Fannar
 15330 | Lair:3   | Noticed a five-headed hydra
 15339 | Lair:3   | Killed a five-headed hydra
 15339 | Lair:3   | Received a gift from Okawaru
 15339 | Lair:3   | Gained mutation: You can use your snake-like lower body to constrict enemies. [Naga growth]
 15339 | Lair:3   | Reached XP level 13. HP: 87/120 MP: 16/16
 15584 | Lair:4   | Found a staircase to the Swamp.
 15731 | Lair:4   | Noticed Sonja
 15731 | Lair:4   | Noticed Snorg
 16049 | Lair:4   | Found a hole to the Spider Nest.
 17120 | Lair:6   | Reached skill level 13 in Maces & Flails
 17312 | Lair:6   | Reached skill level 5 in Charms
 17613 | Lair:6   | Received a gift from Okawaru
 18289 | Lair:7   | Noticed Rupert
 18291 | Lair:7   | Paralysed by Rupert for 4 turns
 18306 | Lair:7   | Killed Rupert
 18604 | Lair:7   | Noticed Kirke
 18616 | Lair:7   | Killed Kirke
 18616 | Lair:7   | Reached ****** piety under Okawaru
 18935 | Lair:8   | Entered Level 8 of the Lair of Beasts
 19044 | Lair:8   | Reached skill level 5 in Spellcasting
 19118 | Lair:8   | Reached XP level 14. HP: 102/130 MP: 17/19
 19277 | Lair:8   | Reached skill level 14 in Maces & Flails
 19405 | Lair:8   | Got a shimmering falchion
 19410 | Lair:8   | Identified the +5 falchion "Manawn" {holy, *Rage rPois MP+9} (You found it on level 8 of the Lair of Beasts)
 19422 | Lair:8   | Noticed Aquadorian's ghost (journeyman MiFi)
 19461 | Lair:8   | Killed Aquadorian's ghost
 19648 | Lair:8   | Reached skill level 5 in Invocations
 19655 | Lair:8   | Reached skill level 10 in Armour
 19661 | Lair:8   | Received a gift from Okawaru
 19810 | Lair:8   | Reached skill level 10 in Fighting
 19909 | Lair:8   | Identified the Grimoire of Entrancing Necromancy
 19919 | Lair:8   | Learned a level 6 spell: Deflect Missiles
 20654 | D:11     | Reached skill level 1 in Air Magic
 20847 | D:11     | Received a gift from Okawaru
 21445 | D:9      | Reached skill level 15 in Maces & Flails
 21467 | Orc:1    | Entered Level 1 of the Orcish Mines
 21467 | Orc:1    | Noticed Nergalle
 21529 | Orc:1    | Killed Nergalle
 22036 | Orc:1    | You fall through a shaft!
 22036 | Orc:2    | Entered Level 2 of the Orcish Mines
 22036 | Orc:2    | Found a staircase to the Elven Halls.
 22094 | Orc:2    | Noticed tyranidshit's ghost (journeyman DDNe)
 22152 | Orc:2    | Killed tyranidshit's ghost
 22200 | Orc:1    | You fall through a shaft!
 22800 | Orc:2    | Reached XP level 15. HP: 139/139 MP: 21/21
 22960 | Orc:2    | Found a bloodstained altar of Trog.
 23018 | Orc:2    | Noticed an orc warlord
 23040 | Orc:2    | Killed an orc warlord
 23372 | Orc:2    | Paralysed by an orc sorcerer for 5 turns
 23417 | Orc:2    | Received a gift from Okawaru
 23418 | Orc:2    | Got a spiked naga barding {god gift}
 23440 | Orc:2    | Identified the -7 naga barding "Plog" {-Cast +Fly Regen+ Stlth-} (Okawaru gifted it to you on level 2 of the Orcish Mines)
 23523 | Orc:2    | Found Fafeng's Antique Armour Shop.
 23524 | Orc:2    | Found Vogg's Antique Weapon Shop.
 23526 | Orc:2    | Found Inaano Iliaps's General Store.
 23526 | Orc:2    | Found Imisio's Book Boutique.
 24215 | D:12     | Found a glowing silver altar of Zin.
 24585 | D:12     | Found an oddly glowing altar of Pakellas.
 24734 | D:12     | Reached skill level 16 in Maces & Flails
 24785 | D:12     | Noticed amentoraz's ghost (journeyman MiBe)
 24968 | D:13     | Found a gate to the Vaults.
 25349 | D:13     | Received a gift from Okawaru
 26021 | D:14     | Reached XP level 16. HP: 100/150 MP: 24/24
 26693 | D:15     | Entered Level 15 of the Dungeon
 26715 | D:15     | Received a gift from Okawaru
 26782 | D:15     | Found a staircase to the Depths.
 26822 | D:15     | Reached skill level 5 in Air Magic
 27004 | D:15     | Found a flickering gateway to a bazaar.
 27011 | Bazaar   | Entered a bazaar
 27011 | Bazaar   | Found Figun's Food Emporium.
 27014 | Bazaar   | Found Inevvyca's Book Boutique.
 27024 | Bazaar   | Found Cumyob's Gadget Shop.
 27048 | Bazaar   | Found Moiph's Book Boutique.
 27431 | D:15     | Got an ichor-stained rapier
 27432 | D:15     | Identified the cursed +0 rapier "Qawoyt" {flame, MR+} (You found it on level 15 of the Dungeon)
 27839 | D:14     | Reached skill level 17 in Maces & Flails
 28035 | Lair:4   | Killed Sonja
 28038 | Lair:4   | Lost mutation: You are weak. (Str -2) [potion of cure mutation]
 28038 | Lair:4   | Lost mutation: Your magical capacity is low (-10% MP). [potion of cure mutation]
 28038 | Lair:4   | Lost mutation: You are partially covered in thin metallic scales (AC +2). [potion of cure mutation]
 28121 | Lair:4   | Learned a level 2 spell: Swiftness
 28170 | Swamp:1  | Entered Level 1 of the Swamp
 28277 | Swamp:1  | Noticed a thorn hunter
 28291 | Swamp:1  | Killed a thorn hunter
 28393 | Swamp:1  | Got a crude glaive
 28394 | Swamp:1  | Identified the cursed +0 glaive of Ashenzari's Hatred {venom, Str+4 Dex+7} (You found it on level 1 of the Swamp)
 28728 | Swamp:1  | Noticed Josephine
 28736 | Swamp:1  | Killed Josephine
 29054 | Swamp:2  | Noticed tyranidshit's ghost (adept DDNe)
 29083 | Swamp:2  | Killed tyranidshit's ghost
 29246 | Swamp:2  | Noticed Louise
 29286 | Swamp:2  | Killed Louise
 29470 | Swamp:2  | Noticed Jorgrun
 29489 | Swamp:2  | Killed Jorgrun
 29489 | Swamp:2  | Received a gift from Okawaru
 29909 | Swamp:2  | Noticed Donald
 29922 | Swamp:2  | Killed Donald
 29928 | Swamp:2  | Reached XP level 17. HP: 134/159 MP: 29/29
 31727 | Swamp:4  | Entered Level 4 of the Swamp
 31832 | Swamp:4  | Reached skill level 18 in Maces & Flails
 32198 | Swamp:2  | Received a gift from Okawaru
 32968 | Swamp:4  | Received a gift from Okawaru
 33278 | Swamp:4  | Got a decaying rune of Zot
 33556 | Spider:1 | Entered Level 1 of the Spider Nest
 33559 | Spider:1 | Noticed nikopol's ghost (adept MiBe)
 33597 | Spider:1 | Killed nikopol's ghost
 33643 | Spider:1 | Received a gift from Okawaru
 33683 | Spider:1 | Got a twisted great mace {god gift}
 33684 | Spider:1 | Identified the +10 great mace "Nexiuj" {elec, rF- rC- MR++ Str+3} (Okawaru gifted it to you on level 1 of the Spider Nest)
 33747 | Spider:1 | Reached XP level 18. HP: 168/168 MP: 31/31
 35026 | Spider:2 | Noticed Wiglaf
 35036 | Spider:2 | Killed Wiglaf
 35036 | Spider:2 | Received a gift from Okawaru
 35544 | Spider:3 | Reached skill level 19 in Maces & Flails
 35991 | Spider:3 | Noticed Arachne
 36003 | Spider:3 | Killed Arachne
 36169 | Spider:3 | Learned a level 2 spell: Repel Missiles
 36193 | Spider:3 | Got a spiked ring mail
 36204 | Spider:3 | Identified the +3 ring mail of Eternal Night {Regen+} (You found it on level 3 of the Spider Nest)
 36299 | Spider:3 | Reached skill level 10 in Charms
 36788 | Spider:4 | Entered Level 4 of the Spider Nest
 37827 | Spider:4 | Received a gift from Okawaru
 37889 | Spider:4 | Reached XP level 19. HP: 177/177 MP: 19/32
 38950 | Spider:4 | Gained mutation: Your flesh is cold resistant. [potion of mutation]
 38950 | Spider:4 | Gained mutation: You evolve. [potion of mutation]
 38950 | Spider:4 | Gained mutation: Your body sometimes deteriorates upon taking damage. [potion of mutation]
 38951 | Spider:4 | Lost mutation: You evolve. [potion of cure mutation]
 38951 | Spider:4 | Lost mutation: Your flesh is cold resistant. [potion of cure mutation]
 38951 | Spider:4 | Lost mutation: Your body sometimes deteriorates upon taking damage. [potion of cure mutation]
 38976 | Spider:4 | Got a gossamer rune of Zot
 39237 | Lair:4   | Killed Snorg
 39428 | Vaults:1 | Entered Level 1 of the Vaults
 39912 | Vaults:1 | Reached skill level 20 in Maces & Flails
 40032 | Vaults:1 | Received a gift from Okawaru
 40168 | Vaults:1 | Reached skill level 10 in Spellcasting
 41079 | Vaults:2 | Received a gift from Okawaru
 41197 | Vaults:2 | Found Sanus's Magic Scroll Boutique.
 41205 | Vaults:2 | Bought a scroll of teleportation for 60 gold pieces
 41205 | Vaults:2 | Bought a scroll of identify for 40 gold pieces
 41205 | Vaults:2 | Bought a scroll of identify for 40 gold pieces
 41811 | Vaults:3 | Reached XP level 20. HP: 183/188 MP: 34/34
 42317 | Vaults:3 | Found an opulent altar of Gozag.
 42517 | Vaults:3 | Received a gift from Okawaru
 42555 | Vaults:3 | Found a staircase to the Crypt.
 42749 | Vaults:3 | Reached skill level 10 in Air Magic
 44220 | Vaults:4 | Received a gift from Okawaru
 44221 | Vaults:4 | Got a brightly glowing crystal plate armour {god gift}
 44222 | Vaults:4 | Identified the +0 crystal plate armour of Impatience {+Inv rC+ rCorr} (Okawaru gifted it to you on level 4 of the Vaults)
 44674 | Vaults:4 | Noticed Agnes
 44684 | Vaults:4 | Killed Agnes
 44706 | Vaults:4 | Reached XP level 21. HP: 156/200 MP: 36/36
 44996 | Vaults:5 | Entered Level 5 of the Vaults
 45124 | Vaults:5 | Reached skill level 15 in Fighting
 45769 | Vaults:5 | Noticed an ancient lich
 45776 | Vaults:5 | Killed an ancient lich
 46071 | Vaults:5 | Received a gift from Okawaru
 46137 | Vaults:5 | Received a gift from Okawaru
 46148 | Vaults:5 | Reached skill level 21 in Maces & Flails
 47005 | Vaults:5 | Received a gift from Okawaru
 47008 | Vaults:5 | Got an encrusted scale mail {god gift}
 47041 | Vaults:5 | Identified the +4 scale mail of Salvation {rN+ MP-9 Dex+3} (Okawaru gifted it to you on level 5 of the Vaults)
 47098 | Vaults:5 | Reached XP level 22. HP: 212/212 MP: 31/37
 47385 | Vaults:5 | Got a silver rune of Zot
 48333 | Vaults:5 | Got a smoking steam dragon armour
 48335 | Vaults:5 | Identified the +2 steam dragon armour "Wonigimm" {rC+++ Str-5 Dex-3 Slay+3} (You took it off an ogre mage on level 5 of the Vaults)
 48345 | Vaults:5 | Got a brightly glowing longbow
 48369 | Vaults:5 | Identified the +6 longbow of Zyadeog {venom, rElec rF+ MR+ Str+2} (You took it off a vault warden on level 5 of the Vaults)
 48692 | Vaults:5 | Received a gift from Okawaru
 48703 | Vaults:5 | Got a heavily runed shield {god gift}
 48704 | Vaults:5 | Identified the +0 shield of the Beekeeper {rPois rF+ MR-} (Okawaru gifted it to you on level 5 of the Vaults)
 48745 | Vaults:5 | Found Xaetih's Jewellery Emporium.
 48999 | Vaults:5 | Got a fine jade amulet
 49002 | Vaults:5 | Identified the amulet "Voat Ynkeg" {Reflect rC+ MP+9 Int+4 SH+4} (You took it off a vault guard on level 5 of the Vaults)
 49813 | Depths:1 | Entered Level 1 of the Depths
 49989 | Depths:1 | Found a one-way gate leading to the halls of Pandemonium.
 50127 | Depths:1 | Found a portal to a secret trove of treasure.
 50258 | Depths:1 | Identified the Grimoire of Combat Magic
 50292 | Depths:1 | Reached XP level 23. HP: 204/224 MP: 39/39
 50795 | Depths:1 | Found a gateway to Hell.
 50920 | Depths:1 | Found a one-way gate to the infinite horrors of the Abyss.
 51002 | Depths:2 | Noticed Norris
 51018 | Depths:2 | Killed Norris
 52415 | Depths:2 | Noticed a caustic shrike
 52415 | Depths:2 | an iron dragon changed into a caustic shrike
 52601 | Depths:2 | Got a warped battleaxe
 52602 | Depths:2 | Identified the +10 battleaxe of Cowardice {antimagic, Int+7} (You found it on level 2 of the Depths)
 52656 | Depths:3 | Noticed Aizul
 52665 | Depths:3 | Killed Aizul
 52665 | Depths:3 | Received a gift from Okawaru
 52987 | Depths:3 | Found a glowing golden altar of the Shining One.
 53174 | Depths:3 | Noticed Xtahua
 53181 | Depths:3 | Killed Xtahua
 53327 | Depths:3 | Noticed Mara
 53357 | Depths:3 | Noticed Wotyn's illusion
 53366 | Depths:3 | Killed Mara
 53665 | Depths:4 | Found Pyijaf's Food Shoppe.
 53799 | Depths:4 | Found a gateway to a ziggurat.
 54408 | Depths:4 | Reached XP level 24. HP: 238/238 MP: 39/39
 55066 | Depths:4 | Got a shimmering falchion
 55070 | Depths:4 | Identified the +9 falchion "Ocecekisyx" {drain, *Rage rF+ Str+4} (You found it on level 4 of the Depths)
 55090 | Depths:4 | Noticed a juggernaut
 55100 | Depths:4 | Killed a juggernaut
 55554 | Depths:4 | Received a gift from Okawaru
 55555 | Depths:4 | Got a jewelled quick blade {god gift}
 55557 | Depths:4 | Identified the +7 quick blade of Truth {freeze, rElec rC+ Int+3} (Okawaru gifted it to you on level 4 of the Depths)
 55854 | Depths:5 | Entered Level 5 of the Depths
 56896 | Depths:5 | Gained mutation: You occasionally shout uncontrollably at your foes. [potion of mutation]
 56896 | Depths:5 | Gained mutation: You are partially covered in thin metallic scales (AC +2). [potion of mutation]
 56896 | Depths:5 | Gained mutation: You are resistant to electric shocks. [potion of mutation]
 57390 | Depths:5 | Found a gate to the Realm of Zot.
 57431 | Zot:1    | Entered Level 1 of the Realm of Zot
 57504 | Depths:5 | HP: 11/243 [tentacled monstrosity (6)]
 57504 | Depths:5 | HP: 4/243 [tentacled monstrosity (7)]
 57875 | Depths:5 | Received a gift from Okawaru
 58117 | Depths:5 | Reached XP level 25. HP: 177/252 MP: 16/40
 58297 | Depths:5 | Reached skill level 1 in Axes
 59468 | Depths:5 | Received a gift from Okawaru
 61276 | Zot:1    | Got an ichor-stained dagger
 61279 | Zot:1    | Identified the cursed +1 dagger "Gicwav" {venom, rPois Str+4 Dex+4} (You found it on level 1 of the Realm of Zot)
 62632 | Zot:1    | HP: 9/254 [purple draconian knight/glaive (7)]
 62632 | Zot:1    | Slain by a green draconian

Skill      XL: |  1  2  3  4  5  6  7  8  9 10 11 12 13 14 15 16 17 18 19 20 21 22 23 24 25 |
---------------+----------------------------------------------------------------------------+-----
Armour         | 3 4 6 7 8 9 10 11 12 13 14 | 14.0
Maces & Flails | 3 4 5 8 9 11 12 13 15 16 17 18 19 20 21 | 21.6
Dodging        | 1 2 4 5 7 8 9 |  9.8
Fighting       | 4 6 7 8 9 10 11 12 13 14 15 17 18 19 20 | 20.4
Stealth        | 4 |  4.9
Unarmed Combat | 3 |  3.1
Spellcasting   | 2 3 5 6 7 8 9 10 11 12 13 | 13.4
Charms         | 3 4 5 6 7 8 9 10 11 12 13 14 | 14.6
Poison Magic   | 4 |  4.2
Invocations    | 3 4 5 6 7 8 9 |  9.4
Evocations     | 3 4 |  4.6
Air Magic      | 2 4 6 7 8 9 10 11 12 13 | 13.6
Axes           | 3 |  3.1
Shields        | |  2.4

Action                   |  1- 3 |  4- 6 |  7- 9 | 10-12 | 13-15 | 16-18 | 19-21 | 22-24 | 25-27 || total
-------------------------+-------+-------+-------+-------+-------+-------+-------+-------+-------++-------
Melee: Flail             |   112 |   228 |   307 |   103 |       |       |       |       |       ||   750
       Whip              |       |       |       |   983 |       |       |       |       |       ||   983
       Great mace        |       |       |       |   273 |  1557 |   530 |  1347 |  1506 |   226 ||  5439
       Constrict         |       |       |       |       |   346 |   264 |   231 |   212 |    47 ||  1100
       Demon whip        |       |       |       |       |   116 |  1211 |       |       |       ||  1327
       Punch             |       |       |       |       |     5 |    28 |     2 |       |       ||    35
       Eveningstar       |       |       |       |       |       |   221 |    29 |       |       ||   250
       Battleaxe         |       |       |       |       |       |       |       |    18 |   133 ||   151
 Cast: Swiftness         |       |       |       |       |       |     2 |     1 |     6 |     5 ||    14
       Repel Missiles    |       |       |       |       |       |       |     2 |     2 |     1 ||     5
       Haste             |       |       |       |       |       |       |       |       |     3 ||     3
       Deflect Missiles  |       |       |       |       |       |       |       |       |     3 ||     3
Invok: Heroism           |       |       |     4 |    16 |    12 |     8 |     2 |     6 |     1 ||    49
       Finesse           |       |       |       |     4 |     7 |    12 |    22 |    17 |     5 ||    67
 Abil: Spit Poison       |     3 |     1 |     1 |     8 |     1 |       |       |       |       ||    14
Evoke: Wand              |       |     8 |     4 |    26 |    15 |    11 |     4 |       |       ||    68
  Use: Scroll            |     3 |     6 |     6 |    20 |    16 |    25 |    14 |    11 |     3 ||   104
       Potion            |       |     7 |    10 |    10 |     3 |     5 |     7 |     8 |     3 ||    53
 Stab: Distracted        |       |       |       |       |       |       |     1 |       |     1 ||     2
       Invisible         |       |       |       |       |       |       |       |     1 |       ||     1
  Eat: Chunk             |       |     5 |     2 |     4 |     3 |       |     1 |       |       ||    15
       Fruit             |       |     4 |       |       |       |     7 |    22 |    10 |     1 ||    44
       Bread ration      |       |       |     2 |     4 |     1 |     2 |     1 |     2 |     3 ||    15
       Royal jelly       |       |       |       |     5 |     9 |    12 |     1 |       |     1 ||    28
       Beef jerky        |       |       |       |       |     4 |       |     2 |     1 |       ||     7
       Pizza             |       |       |       |       |     2 |       |     1 |     2 |       ||     5
       Meat ration       |       |       |       |       |       |       |       |     2 |       ||     2
Armor: Scale mail        |    14 |       |       |       |       |       |       |       |       ||    14
       Chain mail        |    58 |   121 |   155 |   110 |       |       |       |       |       ||   444
       Plate armour      |       |       |       |   743 |  1671 |  1756 |   557 |       |       ||  4727
       Crystal plate arm |       |       |       |       |       |       |   307 |  1144 |   192 ||  1643
       Skin              |       |       |       |       |       |       |       |       |   141 ||   141
Dodge: Dodged            |    22 |    22 |    70 |   250 |   424 |   454 |   268 |   337 |   152 ||  1999
       Deflected         |       |       |       |       |       |       |     6 |     1 |       ||     7
Block: Shield            |    73 |   111 |   141 |   424 |       |       |       |       |       ||   749
       Other             |       |       |       |       |       |       |       |    26 |    62 ||    88
       Reflection        |       |       |       |       |       |       |       |     1 |     4 ||     5
